 Dungeon Crawl Stone Soup version 0.30-a0-304-gdc4b735fe1 (webtiles) character file.

Game seed: 11262883362382128288

35 byup the Grasshopper (level 3, 0/30 HPs)
             Began as a Ghoul Warper on Oct 21, 2022.
             Slain by a gnoll
             ... wielding a +0 club
              (2 damage)
             ... on level 2 of the Dungeon.
             The game lasted 00:07:50 (1226 turns).

byup the Grasshopper (Ghoul Warper)                 Turns: 1226, Time: 00:07:50

Health: 0/30       AC:  3    Str: 16    XL:     3   Next: 33%
Magic:  4/4        EV: 11    Int:  8    God:
Gold:   46         SH:  0    Dex:  8    Spells: 3/5 levels left

rFire   . . .      SeeInvis .    a - +0 mace
rCold   + + .      Faith    .    (no shield)
rNeg    + + +      Spirit   .    b - +0 leather armour
rPois   ∞          Reflect  .    (no helmet)
rElec   .          Harm     .    (no cloak)
rCorr   .          Rampage  .    (no gloves)
Will    .....                    (no boots)
Stlth   +.........               (no amulet)
HPRegen 0.00/turn                l - ring of protection from cold
MPRegen 0.09/turn                (no ring)

@: inhibited regen
A: claws 1, cold resistance 1, negative energy resistance 3, inhibited
regeneration, torment resistance 2, devour on kill
a: no special abilities


You were on level 2 of the Dungeon.
You visited 1 branch of the dungeon, and saw 2 of its levels.

You collected 46 gold pieces.

Inventory:

Hand Weapons
 a - a +0 mace (weapon)
Missiles
 d - 7 boomerangs of dispersal (quivered)
Armour
 b - a +0 leather armour (worn)
Jewellery
 l - a ring of protection from cold (left claw)
Scrolls
 c - a scroll of blinking
 e - 3 scrolls of identify {unknown}
 g - 4 scrolls of teleportation {unknown}
 h - a scroll of torment {unknown}
 i - a scroll of fear {unknown}
 j - a scroll of acquirement {unknown}
Potions
 f - 2 potions of curing {unknown}
 k - a potion of heal wounds {unknown}


   Skills:
 + Level 2.3 Fighting
 + Level 2.2 Maces & Flails
 + Level 0.8 Throwing
 + Level 1.1 Armour
 + Level 2.4 Dodging
 + Level 1.7 Spellcasting
 + Level 3.0 Translocations


You had 3 spell levels left.
You knew the following spells:

 Your Spells              Type           Power      Damage    Failure   Level
a - Blink                 Tloc           10%        N/A       21%         2

Your spell library contained the following spells:

 Spells                   Type           Power      Damage    Failure   Level
 Lesser Beckoning         Tloc           10%        N/A       36%         3
 Teleport Other           Tloc           5%         N/A       36%         3
 Vhi's Electric Charge    Tloc/Air       6%         N/A       58%         3
 Manifold Assault         Tloc           5%         N/A       78%         4


Dungeon Overview and Level Annotations

Branches:
Dungeon (2/15)

Altars:


Innate Abilities, Weirdness & Mutations

You are immune to poison.
You have sharp fingernails.
Your flesh is cold resistant. (rC+)
You are immune to negative energy. (rN+++)
You do not regenerate when monsters are visible.
You are immune to unholy pain and torment.
You thrive by killing the living.


Message History

You see here a rat corpse.
HP restored.
A goblin comes into view. It is wielding a +0 club.
Found a stone staircase leading down.
The goblin shouts!
You closely miss the goblin. The goblin closely misses you.
You barely miss the goblin. The goblin barely misses you. x2
You hit the goblin but do no damage. The goblin barely misses you.
You thump the goblin!
You kill the goblin!
You see here a +0 club.
There is a stone staircase leading down here.
A gnoll comes into view. It is wielding a +0 flail.
Found a stone staircase leading up.
The gnoll shouts!
You hear a shout!
A gnoll comes into view.
It is wielding a +2 halberd of flaming. 2 gnolls, a rat and a giant cockroach come into view.
The gnoll shouts!
You see here a ring of protection from cold.
l - a ring of protection from cold
l - a ring of protection from cold (left claw)
The gnoll hits you with a +0 club!
You hit the gnoll but do no damage. The gnoll barely misses you.
You barely miss the gnoll. The gnoll hits you with a +0 club.
The gnoll hits you with a +0 club. The gnoll completely misses you.
The gnoll barely misses you. x2
The gnoll attacks as you move away! The gnoll hits you with a +0 club.
You hit the gnoll but do no damage. The gnoll barely misses you.
The gnoll closely misses you. The gnoll hits you with a +0 club.
* * * LOW HITPOINT WARNING * * *
The gnoll hits you from afar with a +0 spear.
* * * LOW HITPOINT WARNING * * *
You hit the gnoll.
The gnoll is heavily wounded.
The gnoll hits you with a +0 club.
* * * LOW HITPOINT WARNING * * *
You closely miss the gnoll.
The gnoll is heavily wounded.
The gnoll hits you with a +0 club.
You die...

#### #.#.# #.# +... #†#.#
#.###### #....#.#.# #......#
#....#.#.# ######.# #......#.#
#.#
....##†#.##############.######
#.#..#.#<...........)........#
................>.......####.#
######.#........@##........#
......)#......##g##.######.#
.........#<...##r##.# #
################.##.#
...#g##.# ######.#.##.#
+.......g...# ######.#B####
#.#.#


You could see 3 gnolls, a giant cockroach and a rat.

Vanquished Creatures
  2 adders (D:2)
  A dart slug (D:1)
  A ball python (D:1)
  2 bats (D:1)
  A giant cockroach (D:1)
  4 goblins
  2 hobgoblins (D:1)
  2 rats
15 creatures vanquished.

Notes
Turn   | Place    | Note
-------+----------+-------------------------------------------
     0 | D:1      | byup the Ghoul Warper began the quest for the Orb.
     0 | D:1      | Reached XP level 1. HP: 17/17 MP: 2/2
   464 | D:1      | Reached skill level 3 in Translocations
   464 | D:1      | Reached XP level 2. HP: 16/24 MP: 3/3
   715 | D:1      | Learned a level 2 spell: Blink
   768 | D:1      | Reached skill level 1 in Armour
  1026 | D:2      | Reached XP level 3. HP: 21/30 MP: 4/4
  1226 | D:2      | Slain by a gnoll

Illustrated notes

Levels and vault maps discovered:
D:1:      co_arrival_random_square_maze, layout_loops_ring
D:2:      layout_basic, hangedman_decor_peaks_small,
          corexii_item_surrounded_by_moat, grunt_ministairs_1

Skill      XL: |  1  2 |
---------------+-------+-----
Maces & Flails | 2 |  2.2
Translocations | 3 |  3.0
Armour         | 1 |  1.1
Dodging        | 2 |  2.4
Fighting       | |  2.3
Throwing       | |  0.8
Spellcasting   | |  1.7

Action                   || total
-------------------------++-------
Melee: Mace              ||    81
Armor: Leather armour    ||    40
Dodge: Dodged            ||    79

Table legend: (Time is in decaauts)
 A = Elapsed time spent in this place.
 B = Non-inter-level travel time spent in this place.
 C = Inter-level travel time spent in this place.
 D = Time resting spent in this place.
 E = Time spent auto-exploring this place.
 F = Levels seen in this place.
 G = Mean time per level.
                   A        B        C        D        E       F      G
               +--------+--------+--------+--------+--------+-----+--------+
         Total |   1249 |   1188 |     61 |      0 |    267 |   2 |  624.5 |
       Dungeon |   1249 |   1188 |     61 |      0 |    267 |   2 |  624.5 |
               +--------+--------+--------+--------+--------+-----+--------+

Top non-repeatable levels by time:
     D:1: 1027 daAuts
     D:2: 222 daAuts
